 Dungeon Crawl Stone Soup version 0.23-a0-373-g305c090 (webtiles) character file.

155 Mgcat the Skirmisher (level 5, -1/29 HPs)
             Began as a Vine Stalker Fighter on Oct 25, 2018.
             Was a Follower of Okawaru.
             Slain by an orc
             ... wielding a +0 morningstar
              (2 damage)
             ... on level 2 of the Dungeon.
             The game lasted 00:04:45 (1621 turns).

Mgcat the Skirmisher (Vine Stalker Fighter)         Turns: 1621, Time: 00:04:46

Health: -1/29      AC:  6    Str: 20    XL:     5   Next: 37%
Magic:  0/9        EV:  7    Int: 13    God:    Okawaru [*.....]
Gold:   47         SH:  9    Dex: 13    Spells: 9/9 levels left

rFire    + . .     SeeInvis .     - Unarmed
rCold    . . .     Gourm    .   b - +0 shield
rNeg     . . .     Faith    .   a - +0 scale mail
rPois    .         Spirit   +   (no helmet)
rElec    .         Reflect  .   (no cloak)
rCorr    .         Harm     .   (no gloves)
MR       +....                  (no boots)
Stlth    ..........             (no amulet)
HPRegen  0.49/turn              A - ring of protection from fire {rF+, !d}
MPRegen  0.11/turn              D - ring of protection from magic {MR+, !d}

@: brilliant
A: fangs 2, regeneration 1, magic shield, antimagic bite, no potion heal 3, rot
immunity
a: Heroism, Renounce Religion


You were on level 2 of the Dungeon.
You worshipped Okawaru.
Okawaru was aware of your devotion.
You were hungry.

You visited 1 branch of the dungeon, and saw 3 of its levels.

You collected 47 gold pieces.

Inventory:

Hand Weapons
 k - a cursed +0 club
   (You took it off a hobgoblin on level 1 of the Dungeon)
 m - a +0 club
   (You took it off a goblin on level 1 of the Dungeon)
 n - a +0 club
   (You took it off a goblin on level 1 of the Dungeon)
 o - a +0 dagger
   (You found it on level 1 of the Dungeon)
 p - a +0 club
   (You took it off a hobgoblin on level 1 of the Dungeon)
 q - a +0 dagger
   (You took it off a kobold on level 2 of the Dungeon)
 s - a +0 dagger
   (You took it off a kobold on level 2 of the Dungeon)
 t - a +0 club
   (You took it off a hobgoblin on level 2 of the Dungeon)
 u - a +0 club
   (You took it off a hobgoblin on level 2 of the Dungeon)
 v - a +0 short sword
   (You took it off a kobold on level 2 of the Dungeon)
 w - a +0 club
   (You took it off a goblin on level 2 of the Dungeon)
 x - a cursed -3 dagger
   (You took it off a goblin on level 2 of the Dungeon)
 z - a +0 club
   (You took it off a hobgoblin on level 2 of the Dungeon)
Armour
 a - a +0 scale mail (worn)
 b - a +0 shield (worn)
Jewellery
 A - a ring of protection from fire (left hand) {rF+, !d}
   (You found it on level 2 of the Dungeon)
 D - a ring of protection from magic (right hand) {MR+, !d}
   (You found it on level 3 of the Dungeon)
Scrolls
 f - 2 scrolls of teleportation {unknown}
 g - a scroll of amnesia {unknown}
 i - a scroll of fog {unknown}
 j - 3 scrolls of identify
 y - a scroll of remove curse {unknown}
 B - a scroll of random uselessness {unknown}
 C - a scroll of enchant armour {unknown}
Potions
 c - a potion of might
 e - 3 potions of mutation {!q}
 l - a potion of magic {unknown}
Comestibles
 d - 4 rations


   Skills:
 + Level 3.7 Fighting
 - Level 2.4 Armour
 - Level 2.6 Shields
 + Level 3.5 Unarmed Combat
 + Level 2.5 Spellcasting


You had 9 spell levels left.
You didn't know any spells.
Your spell library was empty.

Dungeon Overview and Level Annotations

Branches:
Dungeon (3/15)

Altars:
Okawaru


Innate Abilities, Weirdness & Mutations

You have extremely sharp teeth.
Your natural rate of healing is unusually fast.
When hurt, damage is shared between your health and your magic reserves.
Your bite disrupts and absorbs the magic of your enemies.
Potions cannot restore your health.
You are immune to rotting.


Message History

You closely miss the orc.
The orc is almost dead.
The orc barely misses you.
You punch the orc!
You kill the orc!
Okawaru accepts your kill.
You see here a +0 whip.
There is a stone staircase leading down here.
You start resting.
HP restored.
You start resting.
HP restored.
You climb downwards.
The orc hits you but does no damage. The orc barely misses you.
The goblin completely misses you.
There is a stone staircase leading up here.
You block the orc's attack. You block the goblin's attack.
You climb upwards.
There is a stone staircase leading down here.
You hit the goblin but do no damage. You block the goblin's attack.
The orc barely misses you.
You closely miss the goblin. The goblin hits you but does no damage.
You block the orc's attack.
You barely miss the goblin. Your bite misses the goblin.
You block the goblin's attack. The orc hits you but does no damage.
You hit the goblin.
The goblin is severely wounded.
The goblin hits you but does no damage. The orc closely misses you.
You barely miss the goblin.
The goblin is severely wounded.
You block the goblin's attack. The orc hits you but does no damage.
The goblin hits you but does no damage.
You hit the goblin but do no damage. Your bite misses the goblin.
The goblin is severely wounded.
The goblin hits you with a +0 dagger.
Your shield and scale mail prevent you from hitting the goblin.
The goblin is severely wounded.
You block the orc's attack.
You barely miss the goblin.
The goblin is severely wounded.
The goblin hits you but does no damage. The orc hits you with a +0 morningstar.
The goblin hits you but does no damage.
Your scale mail prevents you from hitting the goblin.
Your bite misses the goblin.
The goblin is severely wounded.
The orc hits you with a +0 morningstar. The goblin barely misses you.
You closely miss the goblin. You bite the goblin, but do no damage.
The goblin is severely wounded.
You block the orc's attack. The goblin hits you but does no damage.
You hit the goblin but do no damage. You bite the goblin, but do no damage.
The goblin is severely wounded.
The orc hits you with a +0 morningstar! The goblin closely misses you.
You are too injured to fight recklessly!
You are too injured to fight recklessly!
You are too injured to fight recklessly!
You are too injured to fight recklessly!
Your scale mail prevents you from hitting the goblin.
You bite the goblin, but do no damage.
The goblin is severely wounded.
You barely miss the goblin. Your bite misses the goblin.
The goblin is severely wounded.
The goblin hits you but does no damage. You block the orc's attack.
You barely miss the goblin.
The goblin is severely wounded.
The goblin hits you but does no damage. The orc hits you but does no damage.
You closely miss the goblin. You bite the goblin, but do no damage.
The goblin is severely wounded.
You block the goblin's attack. The orc hits you with a +0 morningstar!
You hit the goblin but do no damage.
The goblin is severely wounded.
The goblin barely misses you. You block the orc's attack.
You hit the goblin.
You kill the goblin!
Okawaru accepts your kill. You block the orc's attack.
Things that are here:
a +0 dagger; a +0 chain mail; a goblin corpse You barely miss the orc.
Your bite misses the orc. The orc hits you but does no damage.
You completely miss the orc. Your bite misses the orc.
The orc hits you with a +0 morningstar!
You closely miss the orc. You bite the orc, but do no damage.
You block the orc's attack.
You barely miss the orc. You bite the orc, but do no damage.
You hit the orc but do no damage. The orc barely misses you.
You hit the orc.
The orc is lightly wounded.
The orc hits you with a +0 morningstar!
* * * LOW HITPOINT WARNING * * *
You barely miss the orc. You bite the orc. You drain its power.
You feel invigorated.
The orc is moderately wounded.
The orc barely misses you.
It was a potion of brilliance.
You feel clever all of a sudden. The orc hits you with a +0 morningstar.
* * * LOW HITPOINT WARNING * * *
You hit the orc.
The orc is almost dead.
The orc hits you with a +0 morningstar.
You die...

#..........## #.### ###.#
##.#####....# #.>.###### #..
#....#####.######......# ###.
####..........#############.##
#######..#...((....#...#8##
##........####.8.#..#
###..(...#.#..P.#P8#
#######).....#.#._.)'..#
#.....#@>......#...P#..#
##.###.#.o......##...#.P. #..#
#........#.##...#.P. #.##
##.......#..#####... #.#
###.......#######... ####.#
#...#####...#...#.P. #....#
#.####.....##.8.#.). #.####
##.##...###.#.P..#.P#
#.######..##.### ###⌠......#


You could see an orc.

Vanquished Creatures
  A crimson imp (D:2)
  An orc wizard (D:3)
  A worm (D:2)
  A dart slug (D:1)
  7 leopard geckos
  2 orcs
  8 bats
  2 giant cockroaches
  11 goblins
  10 hobgoblins
  7 jackals
  A quokka (D:2)
  5 frilled lizards (D:2)
  9 kobolds
  8 rats
74 creatures vanquished.

Notes
Turn   | Place    | Note
-------+----------+-------------------------------------------
     0 | D:1      | Mgcat the Vine Stalker Fighter began the quest for the Orb.
     0 | D:1      | Reached XP level 1. HP: 11/11 MP: 2/2
   120 | D:1      | Reached XP level 2. HP: 12/16 MP: 1/4
   138 | D:1      | Reached skill level 1 in Spellcasting
   140 | D:1      | Reached skill level 3 in Fighting
   349 | D:1      | Reached XP level 3. HP: 20/20 MP: 5/5
   891 | D:2      | Gained mutation: Your natural rate of healing is unusually
                  | fast. [Vine Stalker growth]
   891 | D:2      | Reached XP level 4. HP: 20/24 MP: 7/7
  1012 | D:2      | Found an iron altar of Okawaru.
  1142 | D:2      | Reached skill level 3 in Unarmed Combat
  1142 | D:2      | Reached skill level 2 in Spellcasting
  1170 | D:2      | Found a faded altar of an unknown god.
  1336 | D:2      | Reached XP level 5. HP: 28/28 MP: 9/9
  1446 | D:2      | Became a worshipper of Warmaster Okawaru
  1446 | D:2      | Reached * piety under Okawaru
  1618 | D:2      | HP: 3/29 [orc/+0 morningstar (8)]
  1620 | D:2      | HP: 1/29 [orc/+0 morningstar (3)]
  1621 | D:2      | Slain by an orc

Vault maps used:
D:1:      co_arrival_random_square_maze, minmay_pentomino_z2
D:2:      nicolae_overflow_crystal_walls, chequers_ecumenical_altar_lobes

Skill      XL: |  1  2  3  4 |
---------------+-------------+-----
Spellcasting   | 1 2 |  2.5
Fighting       | 3 |  3.7
Unarmed Combat | 3 |  3.5
Armour         | |  2.4
Shields        | |  2.6

Action                   |  1- 3 |  4- 6 || total
-------------------------+-------+-------++-------
Melee: Unarmed           |   141 |   112 ||   253
       Bite              |    34 |    28 ||    62
  Use: Scroll            |       |     1 ||     1
       Potion            |       |     1 ||     1
  Eat: Chunk             |       |     2 ||     2
Armor: Scale mail        |    44 |    49 ||    93
Dodge: Dodged            |    41 |    45 ||    86
Block: Shield            |    56 |    55 ||   111

Table legend:
 A = Non-vault XP
 B = Vault XP
 C = Vault XP percentage of total XP
 D = Non-vault monster count
 E = Vault monster count
 F = Vault count percentage of total count
                 A         B        C        D         E       F
            +---------+---------+-------+---------+---------+-------
      Total |     219 |       3 |   1.4 |      73 |       1 |   1.4
            +---------+---------+-------+---------+---------+-------
        D:1 |      55 |       3 |   5.2 |      30 |       1 |   3.2
        D:2 |     116 |       0 |   0.0 |      39 |       0 |   0.0
        D:3 |      48 |       0 |   0.0 |       4 |       0 |   0.0
            +---------+---------+-------+---------+---------+-------

Vault maps used:
D:1:      co_arrival_random_square_maze, minmay_pentomino_z2
D:2:      nicolae_overflow_crystal_walls, chequers_ecumenical_altar_lobes

Table legend:
 A = Turns spent in this place as a percentage of turns spent in the entire game.
 B = Non-inter-level travel turns spent in this place as a percentage of non-inter-level travel turns spent in the entire game.
 C = Inter-level travel turns spent in this place as a percentage of turns spent in this place.
 D = Turns resting spent in this place as a percentage of non-inter-level travel turns spent in this place.
 E = Turns spent auto-exploring this place as a percentage of non-inter-level travel turns spent in this place.
 F = Non-inter-level travel turns spent in this place divided by the number of levels of this place that you've seen.
                   A       B       C       D       E      F
               +-------+-------+-------+-------+-------+----------------------
         Total | 100.0 | 100.0 |   7.0 |   0.9 |  68.3 | 502.3
       Dungeon | 100.0 | 100.0 |   7.0 |   0.9 |  68.3 | 502.3
               +-------+-------+-------+-------+-------+----------------------

Table legend:
 A = Kills in this place as a percentage of kills in entire the game.
 B = Kills by you in this place as a percentage of kills by you in the entire game.
 C = Kills by friends in this place as a percentage of kills by friends in the entire game.
 D = Other kills in this place as a percentage of other kills in the entire game.
 E = Experience gained in this place as a percentage of experience gained in the entire game.
 F = Experience gained in this place divided by the number of levels of this place that you have seen.
                   A       B       C       D       E      F
               +-------+-------+-------+-------+-------+----------------------
         Total | 100.0 | 100.0 |   N/A |   N/A | 100.0 |  74.0
       Dungeon | 100.0 | 100.0 |   N/A |   N/A | 100.0 |  74.0
               +-------+-------+-------+-------+-------+----------------------
